Map: Nightshade LE

Players

Prasertwit (StriKE) - Winner!

  • Race: Terran Terran
  • Spawn Location: 5:00

Hai

  • Race: Zerg Zerg
  • Spawn Location: 11:00

Event: SEA Games 2019

VOD

https://youtu.be/ymcU05w088s

Description

Time

  • Played on: Dec. 5, 2019, 12:47 a.m.
  • Length: 16:32

All games in this series

Show
View Real Time Build Order
Export as new Build Order

Prasertwit Terran - Winner!

Build Orders: Reaper Expand, Mech 

Get SALT Encoding   

  12  0:00  SCV  
  13  0:12  SCV  
  14  0:17  Supply Depot  
  14  0:24  SCV  
  15  0:39  Barracks, SCV  
  16  0:45  Refinery  
  16  0:51  SCV  
  17  1:03  SCV  
  18  1:15  SCV  
  19  1:28  Reaper, Orbital Command  
  20  1:41  Command Center  
  20  1:50  Supply Depot  
  20  1:55  SCV  
  20  2:00  Marine  
  22  2:08  SCV  
  23  2:14  Factory  
  23  2:22  SCV  
  24  2:30  Barracks Reactor  
  24  2:34  SCV  
  25  2:38  Refinery  
  25  2:52  Bunker  
  25  2:55  Marine  
  25  2:56  Bunker, SCV  
  27  3:00  Factory Tech Lab  
  27  3:06  SCV  
  28  3:14  Marine  
  29  3:20  Orbital Command  
  26  3:30  Siege Tank  
  26  3:33  Marine  
  29  3:36  SCV  
  30  3:48  SCV x2  
  32  3:49  Starport  
  32  3:51  Marine  
  33  4:00  SCV  
  33  4:02  Siege Tank  
  37  4:04  SCV  
  37  4:09  Marine  
  39  4:13  SCV  
  40  4:17  Supply Depot  
  40  4:18  SCV  
  41  4:26  SCV  
  41  4:31  SCV, Fusion Core  
  42  4:33  Viking, Barracks Tech Lab  
  42  4:38  SCV  
  45  4:43  Command Center, SCV  
  46  4:50  SCV  
  47  4:53  Refinery  
  47  4:54  Refinery  
  47  4:55  SCV  
  48  5:02  SCV  
  49  5:07  SCV  
  50  5:14  SCV  
  50  5:17  Viking, Armory  
  53  5:22  SCV  
  53  5:27  Engineering Bay  
  54  5:34  Supply Depot  
  54  5:35  Supply Depot  
  54  5:36  Supply Depot  
  54  5:54  Starport Reactor, Missile Turret  
  54  5:55  SCV x2, Factory x2, Widow Mine  
  54  5:56  Missile Turret  
  58  5:57  Orbital Command  
  58  5:58  Missile Turret  
  58  5:59  Missile Turret  
  58  6:06  Barracks Reactor  
  58  6:07  SCV x2  
  59  6:19  SCV, Terran Vehicle Weapons Level 1  
  59  6:23  SCV  
  59  6:24  SCV  
  60  6:32  Thor, SCV  
  61  6:35  SCV  
  68  6:45  Thor  
  73  6:48  Medivac x2  
  73  6:49  SCV  
  73  6:53  SCV  
  79  7:01  SCV  
  79  7:05  SCV  
  81  7:14  SCV x2  
  83  7:17  Siege Tank  
  85  7:28  Hellion x2  
  89  7:30  Siege Tank  
  89  7:34  Supply Depot  
  89  7:35  Supply Depot x2  
  92  7:42  SCV  
  93  7:45  Orbital Command  
  93  7:46  Supply Depot  
  93  7:47  Refinery x2, Supply Depot  
  93  7:51  SCV  
  93  7:56  Viking x2  
  96  7:58  Supply Depot  
  96  7:59  Supply Depot  
  96  8:01  Hellion x2  
  96  8:02  Infernal Pre-Igniter  
  100  8:06  SCV x2  
  100  8:07  Orbital Command  
  100  8:10  Siege Tank x2  
  108  8:18  Supply Depot  
  108  8:20  Supply Depot  
  108  8:23  Hellion x2  
  113  8:34  SCV  
  113  8:40  Supply Depot  
  113  8:41  Supply Depot  
  113  8:46  SCV  
  113  8:47  SCV  
  115  8:53  Siege Tank x2, Refinery  
  115  8:54  Hellion x2, Refinery, Viking x2  
  129  8:58  SCV  
  130  9:23  Hellion  
  127  9:25  Siege Tank x2  
  115  9:34  Hellion  
  114  9:41  SCV  
  114  9:45  Hellion  
  114  9:51  SCV  
  115  9:55  Hellion, SCV x2  
  115  9:57  Siege Tank x2  
  125  10:02  Command Center  
  125  10:05  Supply Depot  
  125  10:06  Hellion, Supply Depot x2, Factory  
  127  10:07  Factory  
  127  10:08  SCV x2  
  127  10:13  Terran Vehicle Weapons Level 2  
  127  10:14  Supply Depot x2  
  129  10:19  SCV  
  129  10:20  Hellion  
  132  10:28  Hellion  
  134  10:29  Siege Tank  
  134  10:34  Sensor Tower  
  134  10:35  Sensor Tower  
  137  10:43  Armory  
  137  10:45  Siege Tank  
  140  10:51  Command Center  
  140  10:52  Factory Tech Lab  
  140  10:53  Factory Reactor  
  140  11:05  Liberator  
  144  11:11  Hellion x2, Siege Tank x2  
  144  11:17  Siege Tank  
  156  11:31  Supply Depot  
  156  11:32  Supply Depot  
  150  11:33  Hellion  
  148  11:54  Hellion  
  149  11:58  Thor x3  
  149  12:00  Hellion x3  
  153  12:31  Hellion  
  153  12:35  Hellion  
  157  12:41  Siege Tank x2  
  157  12:43  Planetary Fortress  
  155  12:50  Hellion, Siege Tank  
  160  12:52  Refinery  
  160  12:53  Hellion x2  
  160  12:56  Refinery  
  162  13:03  Terran Vehicle Weapons Level 3  
  162  13:08  Liberator  
  162  13:12  SCV  
  165  13:23  Hellion x2, Siege Tank  
  165  13:24  Hellion  
  176  13:38  Hellion  
  172  13:45  Hellion, Factory  
  172  13:46  Factory x2  
  174  13:52  Thor x2  
  174  14:06  Hellion, Siege Tank  
  167  14:19  Hellion  
  167  14:24  Viking x2  
  169  14:28  Planetary Fortress  
  166  14:34  Hellion, Thor  
  166  14:35  Hellion x2  
  178  14:47  Hellion x2  
  178  14:48  Factory Reactor, Factory Tech Lab  
  178  14:49  Factory Tech Lab  
  182  14:59  Refinery x2  
  182  15:00  Sensor Tower, Thor  
  182  15:03  Command Center  
  182  15:05  Command Center  
  180  15:27  Hellion, Thor x2  
  180  15:28  Hellion x2  
  198  15:37  Hellion  
  198  15:43  Hellion  
  197  15:57  Hellion  
  189  16:05  Hellion x2  
  189  16:07  Hellion  
  189  16:09  SCV  
Show
View Real Time Build Order
Export as new Build Order

Hai Zerg 

Build Orders: Pool First, Muta Ling Bane 

Get SALT Encoding   

  12  0:01  Drone  
  13  0:13  Overlord  
  13  0:17  Drone  
  14  0:22  Extractor  
  14  0:23  Drone  
  15  0:32  Drone  
  17  0:35  Drone  
  17  0:46  Spawning Pool  
  17  0:49  Drone  
  17  1:10  Hatchery  
  16  1:14  Extractor, Drone  
  16  1:18  Drone  
  17  1:20  Drone  
  18  1:33  Zergling x2  
  18  1:38  Roach Warren  
  18  1:43  Drone  
  19  1:48  Queen  
  21  1:58  Overlord  
  21  2:21  Roach x2  
  24  2:23  Roach  
  24  2:24  Queen  
  28  2:32  Drone  
  28  2:33  Drone x2  
  31  2:46  Drone x2  
  33  2:56  Drone x3  
  33  2:58  Overlord  
  36  3:12  Overlord x2  
  36  3:14  Lair  
  36  3:18  Drone x2  
  38  3:28  Drone x3  
  38  3:29  Drone  
  38  3:31  Drone x2  
  44  3:39  Drone x3  
  47  3:43  Extractor, Drone  
  47  3:45  Extractor  
  47  3:47  Drone  
  47  3:54  Extractor  
  46  3:56  Drone x2  
  46  3:58  Queen  
  50  4:03  Drone  
  51  4:15  Spire  
  50  4:17  Drone  
  51  4:27  Drone x2  
  51  4:28  Drone x3  
  51  4:29  Metabolic Boost  
  56  4:31  Roach x2  
  60  4:39  Overlord x2  
  60  5:05  Drone  
  61  5:07  Drone  
  61  5:09  Hatchery  
  61  5:12  Overlord  
  61  5:18  Drone x2, Evolution Chamber  
  61  5:20  Overlord x2, Evolution Chamber  
  61  5:22  Drone x4  
  65  5:36  Baneling Nest  
  65  5:37  Overlord  
  65  5:39  Mutalisk  
  65  5:40  Mutalisk  
  65  5:41  Mutalisk x3  
  74  5:45  Zerg Ground Armor Level 1  
  74  5:50  Zerg Melee Weapons Level 1  
  74  5:51  Zergling x2  
  75  6:07  Drone  
  75  6:08  Drone x5  
  81  6:13  Overlord x3  
  81  6:19  Centrifical Hooks, Zergling x2  
  81  6:20  Zergling x2  
  81  6:24  Drone x2  
  85  6:28  Queen  
  85  6:31  Zergling x6  
  90  6:36  Overlord  
  90  6:48  Zergling x10  
  90  6:49  Zergling x4  
  97  7:06  Zergling x8  
  99  7:13  Roach x2  
  99  7:14  Roach x4  
  111  7:16  Roach  
  111  7:23  Roach  
  111  7:25  Roach x3  
  111  7:26  Glial Reconstitution  
  111  7:27  Overlord x2  
  117  7:32  Roach  
  119  7:38  Roach x4  
  119  7:40  Zerg Missile Weapons Level 1  
  119  7:43  Roach  
  129  7:50  Roach x3  
  135  7:52  Roach  
  135  7:53  Zergling x4  
  135  7:54  Zergling x2  
  140  7:59  Roach  
  140  8:00  Drone  
  140  8:03  Drone  
  145  8:05  Drone x2  
  145  8:06  Overlord  
  145  8:07  Extractor  
  145  8:09  Extractor, Overlord  
  145  8:11  Zerg Melee Weapons Level 2  
  144  8:14  Drone, Overlord x2  
  144  8:15  Overlord  
  144  8:19  Overlord  
  145  8:21  Overlord x2  
  145  8:22  Overlord  
  145  8:24  Ravager  
  145  8:25  Ravager x2  
  144  8:32  Corruptor x3  
  150  8:35  Ravager x2  
  150  8:36  Ravager x2  
  150  8:38  Drone x3  
  157  8:43  Zergling x4  
  157  8:44  Zergling x4  
  157  8:47  Zergling x4  
  163  8:54  Drone x2, Infestation Pit  
  164  9:07  Corruptor  
  97  9:38  Roach  
  97  9:39  Roach x9, Zergling x4  
  97  9:40  Zergling x6  
  97  9:42  Drone x6  
  124  9:51  Zergling x8  
  128  9:53  Zergling x2  
  128  9:57  Zergling x2  
  128  9:58  Roach  
  128  9:59  Roach x2, Hatchery  
  135  10:03  Spore Crawler  
  135  10:04  Zergling x4  
  135  10:05  Zergling x2  
  137  10:11  Roach x2  
  137  10:13  Baneling  
  137  10:14  Baneling x7  
  141  10:16  Zergling x4  
  141  10:18  Zergling x2  
  141  10:20  Zergling x2  
  146  10:21  Ravager x3  
  146  10:22  Ravager  
  146  10:23  Drone  
  150  10:30  Zergling x2  
  149  10:43  Corruptor x4  
  149  10:46  Roach x2  
  149  10:47  Zergling x2  
  149  10:49  Zergling x2  
  163  10:50  Drone  
  163  10:54  Zergling x6  
  163  10:55  Ravager x2  
  169  10:57  Zergling x2  
  169  10:58  Zergling x2  
  169  11:01  Zergling x4  
  169  11:02  Overseer  
  171  11:28  Hive  
  171  11:30  Zergling x4  
  171  11:31  Zergling x2  
  171  11:32  Baneling x9  
  172  11:33  Ravager  
  172  11:35  Drone x8  
  172  11:36  Drone  
  166  11:48  Drone  
  166  11:49  Drone x10  
  169  11:55  Zergling x2  
  169  11:56  Zergling x2  
  173  12:01  Ravager x3  
  173  12:02  Overseer x2  
  173  12:05  Roach x5  
  173  12:06  Roach  
  186  12:08  Zergling x6  
  177  12:34  Spine Crawler  
  177  12:36  Spine Crawler  
  149  12:48  Greater Spire  
  140  12:59  Zergling x2  
  140  13:00  Zergling x6  
  125  13:08  Zergling x8  
  125  13:09  Zergling x14  
  125  13:10  Zergling x6  
  125  13:11  Drone x2  
  125  13:12  Drone x6  
  140  13:13  Drone x7  
  140  13:19  Corruptor  
  144  13:20  Corruptor x2  
  144  13:24  Corruptor x2  
  153  13:29  Drone x2  
  153  13:30  Drone x2  
  153  13:34  Drone x3  
  158  13:36  Burrow  
  158  13:38  Spine Crawler  
  158  13:44  Corruptor  
  158  13:45  Corruptor x2  
  135  14:13  Drone x3  
  127  14:18  Drone  
  127  14:19  Drone x13  
  139  14:29  Drone x6  
  139  14:30  Drone x2  
  147  14:39  Drone x2  
  147  14:40  Zergling x4  
  147  14:41  Zergling x2  
  152  14:50  Brood Lord  
  152  14:51  Overseer  
  156  14:57  Brood Lord  
  156  14:59  Brood Lord  
  144  15:33  Zergling x20  
  144  15:34  Zergling x6  
  153  15:37  Roach x4  
  153  15:38  Roach x4  
  164  15:44  Roach x6  
  144  16:01  Roach  
  144  16:02  Roach x7  
  154  16:10  Roach x3  
  154  16:11  Roach  
Tags
 
Add a new tag
Caveats
  • Supply blocks, unpowered buildings, or Contaminate may cause inaccurate times.
  • Supply counts are checked every 10 seconds.